AoeStats
← Rashasha

Arena

509506932Analyzed
1v1 RM · 5d ago on Sep 27, 2026· 57m 31s· 2 players
Game mode
Random Map
Map size
Tiny (2 player)
Population
200
Speed
Normal
Resources
Standard
Victory
Conquest
Starting age
Dark Age
Ending age
Imperial Age
RankedLock teamsTeams togetherTeam positionsShared explorationLock speedFull tech treeHidden civsTurbo modeCheats
Victory
Defeat
🇨🇱 Vietnamese · Chile
498
+17
🇺🇸 Lithuanians · United States
523
-17
Jezm
3:22 Loom
10:16 Feudal Age
14:32 Wheelbarrow
13:49 Double-Bit Axe
17:53 Castle Age
15:56 Horse Collar
16:22 Gold Mining
19:31 Heavy Plow
19:45 Bow Saw
19:44 Elite Skirmisher
20:27 Stone Mining
22:11 Hand Cart
21:43 Town Watch
22:36 Fletching
23:57 Bodkin Arrow
24:04 Padded Archer Armor
26:31 Ballistics
26:50 Thumb Ring
28:21 Town Patrol
29:39 Squires
35:33 Imperial Age
35:11 Forging
35:02 Scale Mail Armor
35:18 Leather Archer Armor
35:45 Imperial Skirmisher
38:29 Crop Rotation
39:03 Two-Man Saw
38:42 Stone Shaft Mining
39:56 Elite Fire Lancer
43:29 Murder Holes
44:46 Chemistry
44:07 Bracer
44:37 Ring Archer Armor
44:45 Iron Casting
45:23 Elite Fire Lancer
47:21 Chain Mail Armor
47:55 Treadmill Crane
51:00 Devotion
56:38 Paper Money
58:34 Plate Mail Armor
Rashasha
8:05 Loom
8:17 Loom
11:03 Feudal Age
20:15 Castle Age
20:39 Fletching
22:07 Fervor
22:21 Sanctity
21:50 Double-Bit Axe
24:25 Bloodlines
24:15 Husbandry
26:16 Thumb Ring
25:31 Elite Skirmisher
34:41 Bow Saw
35:00 Stone Mining
35:01 Gold Mining
39:43 Imperial Age
37:04 Elite Skirmisher
37:30 Treadmill Crane
37:43 Horse Collar
39:07 Bodkin Arrow
39:13 Padded Archer Armor
39:24 Forging
39:14 Scale Mail Armor
39:19 Scale Barding Armor
39:37 Ballistics
39:14 Murder Holes
39:29 Fortified Wall
40:18 Herbal Medicine
41:29 Stone Shaft Mining
41:48 Wheelbarrow
41:06 Town Watch
42:26 Chemistry
41:37 Masonry
44:21 Two-Man Saw
43:52 Conscription
43:37 Cavalier
44:57 Hill Forts
44:57 Tower Shields
46:22 Guard Tower
46:52 Bombard Tower
47:04 Architecture
47:14 Iron Casting
46:54 Chain Mail Armor
46:40 Bracer
46:55 Leather Archer Armor
46:10 Capped Ram
47:33 Paladin
53:12 Onager
57:03 Hand Cart
Connection lost

Rejoining the realm…

Still unreachable

The connection could not be restored.

Session expired

The server has moved on; the page needs a fresh start.